[Event "Titled Tuesday Blitz November 15 Late 2022"]
[White "Besedes, Danilo"]
[Black "Deac, Bogdan-Daniel"]
[WhiteFideId "946796"]
[BlackFideId "1226380"]
[WhiteElo "2352"]
[BlackElo "2648"]
[Result "0-1"]
[Round "09"]
[TimeControl "180+1"]
[Date "2022.11.15"]
[WhiteClock "0:00:01"]
[BlackClock "0:00:14"]

1. Nf3 d5 2. e3 Nc6 3. d4 Bf5 4. a3 e6 5. c4 g5 6. h3 h5 7. Nc3 Rb8 8. Qa4 Bh6 9. Ne5 Ne7 10. Bd2 O-O 11. Nxc6 bxc6 12. b4 Bg7 13. g4 Bh7 14. gxh5 e5 15. dxe5 d4 16. O-O-O dxc3 17. Bxc3 Qc8 18. h4 g4 19. Bd3 Bxd3 20. Rxd3 Qf5 21. Qc2 Qxh5 22. Rg1 Ng6 23. Qe2 Nxe5 24. Bxe5 Qxe5 25. Qxg4 Rfd8 26. Rd4 Kf8 27. Rgd1 Rxd4 28. exd4 Qf6 29. f4 Rd8 30. Kc2 Kg8 31. Kc3 Rxd4 32. Rxd4 Qxd4+ 33. Kb3 Qe3+ 34. Ka4 Qe6 35. f5 Qf6 36. Qf4 Qe5 37. Qf3 Qd6 38. c5 Qd5 39. Qg4 Kf8 40. f6 Bxf6 41. Qc8+ Kg7 42. Qg4+ Kh7 43. h5 Kh6 44. Qf4+ Bg5 45. Qxc7 f5 46. Qxa7 f4 47. Qc7 f3 0-1


[Site "https://www.chess.com"]

[Event "Titled Tuesday Blitz November 15 Late 2022"]
[White "Bilan, Danila"]
[Black "Korchmar, Vasiliy"]
[WhiteFideId "24161918"]
[BlackFideId "24131750"]
[WhiteElo "2173"]
[BlackElo "2370"]
[Result "0-1"]
[Round "09"]
[TimeControl "180+1"]
[Date "2022.11.16"]
[WhiteClock "0:00:03"]
[BlackClock "0:00:50"]

1. d4 d5 2. Nf3 Nf6 3. c4 c6 4. Nc3 e6 5. Bg5 Nbd7 6. cxd5 exd5 7. e3 Be7 8. Bd3 Nf8 9. Qc2 Ne6 10. Bh4 g6 11. O-O O-O 12. Rab1 a5 13. a3 Ng7 14. b4 axb4 15. axb4 b5 16. e4 dxe4 17. Nxe4 Nd5 18. Qxc6 Ra3 19. Bxe7 Nxe7 20. Qc2 Bf5 21. Nc5 Nd5 22. Bxf5 Nxf5 23. Rfd1 Nc3 24. Ra1 Rxa1 25. Rxa1 Nxd4 26. Nxd4 Qxd4 27. Rc1 Re8 28. Nd3 Ne2+ 29. Kf1 Nxc1 30. Nxc1 Qxb4 31. Ne2 Qc4 32. Qxc4 bxc4 33. Ke1 c3 34. Kd1 c2+ 35. Kd2 Rxe2+ 0-1


[Site "https://www.chess.com"]

[Event "Titled Tuesday Blitz November 15 Late 2022"]
[White "Buchenau, Frank"]
[Black "Aggelis, Nikolaos"]
[WhiteFideId "4604350"]
[BlackFideId "4213220"]
[WhiteElo "2157"]
[BlackElo "2189"]
[Result "0-1"]
[Round "09"]
[TimeControl "180+1"]
[Date "2022.11.16"]
[WhiteClock "0:00:39"]
[BlackClock "0:00:32"]

1. e4 c5 2. Nf3 Nc6 3. Bb5 g6 4. Bxc6 dxc6 5. d3 Bg7 6. O-O Nf6 7. a4 a5 8. Nbd2 Nd7 9. Nc4 b6 10. Re1 Ba6 11. e5 O-O 12. Qe2 Bxc4 13. dxc4 e6 14. Bg5 Qc7 15. Qe3 Rae8 16. Rad1 Nxe5 17. Nxe5 f6 18. Bf4 fxe5 19. Bxe5 Bxe5 20. Qxe5 Qxe5 21. Rxe5 Rf4 22. b3 Rd4 23. Rxd4 cxd4 24. c5 b5 25. axb5 cxb5 26. c6 Rc8 27. Rxe6 Kf7 28. Rd6 Ke7 29. Rxd4 Rxc6 30. c4 bxc4 31. bxc4 Rd6 32. Re4+ Re6 33. f3 Rxe4 34. fxe4 a4 35. c5 a3 36. c6 a2 0-1


[Site "https://www.chess.com"]

[Event "Titled Tuesday Blitz November 15 Late 2022"]
[White "Castella Garcia, Fausto"]
[Black "Espinosa, Pedro"]
[WhiteFideId "3501922"]
[BlackFideId "30921066"]
[WhiteElo "2245"]
[BlackElo "2016"]
[Result "1-0"]
[Round "09"]
[TimeControl "180+1"]
[Date "2022.11.16"]
[WhiteClock "0:01:29"]
[BlackClock "0:00:20"]

1. e4 c5 2. Nf3 d6 3. d4 cxd4 4. Nxd4 Nf6 5. Nc3 Nc6 6. Bg5 e6 7. Qd2 a6 8. O-O-O Bd7 9. f4 Be7 10. Bxf6 Bxf6 11. Nf3 Be7 12. f5 exf5 13. exf5 Bxf5 14. Bd3 Bxd3 15. Qxd3 O-O 16. Nd5 Bg5+ 17. Kb1 Ne5 18. Nxe5 dxe5 19. h4 Bf6 20. g4 Re8 21. Qe4 Bxh4 22. g5 Qxg5 23. Rxh4 f5 24. Qc4 Kh8 25. Nc7 b5 26. Qf7 Qxh4 27. Nxe8 Qg4 28. Qf8# 1-0


[Site "https://www.chess.com"]

[Event "Titled Tuesday Blitz November 15 Late 2022"]
[White "Chigaev, Maksim"]
[Black "Pranav, V"]
[WhiteFideId "4108116"]
[BlackFideId "25060783"]
[WhiteElo "2541"]
[BlackElo "2430"]
[Result "0-1"]
[Round "09"]
[TimeControl "180+1"]
[Date "2022.11.15"]
[WhiteClock "0:00:04"]
[BlackClock "0:00:09"]

1. Nf3 Nf6 2. c4 e6 3. g3 a6 4. Bg2 b5 5. b3 Bb7 6. O-O Be7 7. Bb2 O-O 8. d3 c5 9. e4 d6 10. Nbd2 Nc6 11. Re1 Nd7 12. d4 e5 13. d5 Nd4 14. Nf1 Nb6 15. N3d2 Bc8 16. Ne3 Bg5 17. Rf1 Bd7 18. f4 Bf6 19. Kh1 Re8 20. Rc1 Rb8 21. Ba1 a5 22. Nf3 bxc4 23. bxc4 Na4 24. f5 Bg5 25. Nxg5 Qxg5 26. Qe1 Rb4 27. h4 Qd8 28. Qd2 f6 29. Nd1 Qb6 30. Nf2 Qa6 31. g4 Rxc4 32. g5 Rxc1 33. Rxc1 Qe2 34. Qxe2 Nxe2 35. Rb1 c4 36. Rb7 Bc8 37. Rc7 Nc5 38. gxf6 gxf6 39. Ng4 Rf8 40. Nh6+ Kh8 41. Nf7+ Rxf7 42. Rxf7 c3 43. Bxc3 Nxc3 44. Rf8+ Kg7 45. Rxc8 N3xe4 46. Bxe4 Nxe4 47. Ra8 Ng3+ 48. Kh2 Nxf5 49. Rxa5 Nd4 50. Ra6 e4 51. Rxd6 e3 52. Kg2 f5 53. Re6 f4 54. Re4 f3+ 55. Kg3 f2 56. Kg2 Nf5 57. Rxe3 Nxe3+ 58. Kxf2 Nxd5 59. Kf3 Nc3 60. a3 Kg6 61. Kg4 Nd5 62. a4 Nf6+ 63. Kf4 Nd5+ 64. Kg4 h5+ 65. Kf3 Kf5 66. a5 Nb4 67. Ke3 Kg4 68. Ke4 Kxh4 69. Kf4 Na6 70. Kf3 Kg5 71. Kg3 h4+ 72. Kh3 Kh5 73. Kg2 Kg4 74. Kh2 h3 75. Kg1 Kg3 76. Kh1 Nc5 77. a6 Nxa6 78. Kg1 Nc5 0-1


[Site "https://www.chess.com"]

[Event "Titled Tuesday Blitz November 15 Late 2022"]
[White "Chirilov, James A"]
[Black "Kirillov, Dmitry"]
[WhiteFideId "30976677"]
[BlackFideId "34180572"]
[WhiteElo "1790"]
[BlackElo "2095"]
[Result "0-1"]
[Round "09"]
[TimeControl "180+1"]
[Date "2022.11.16"]
[WhiteClock "0:00:12"]
[BlackClock "0:00:12"]

1. e4 c6 2. d4 d5 3. e5 c5 4. dxc5 Nc6 5. f4 Nh6 6. Nf3 Nf5 7. Bd3 e6 8. Bxf5 exf5 9. Be3 d4 10. Nxd4 Bxc5 11. c3 Qb6 12. Nd2 Qxb2 13. N2b3 Nxd4 14. Bxd4 Qxg2 15. Rg1 Qe4+ 16. Qe2 Qxe2+ 17. Kxe2 Bxd4 18. Nxd4 O-O 19. Rab1 b6 20. h4 h5 21. Rg5 g6 22. Rbg1 Kh7 23. Ke3 Re8 24. c4 Bd7 25. Rc1 Rac8 26. a3 f6 27. Rgg1 fxe5 28. Nf3 exf4+ 29. Kxf4 Re4+ 30. Kg3 Rg4+ 31. Kf2 Rgxc4 32. Rxc4 Rxc4 33. Rd1 Rc2+ 34. Kg3 Bc6 35. Ng5+ Kh6 36. Rd8 Rg2+ 37. Kh3 f4 38. Rd6 Rc2 39. Rd8 f3 40. Kg3 Rg2+ 41. Kh3 Rxg5 42. hxg5+ Kxg5 43. Kg3 h4+ 44. Kf2 a6 45. Rd6 Bb5 46. Rxb6 Be2 47. Rb4 Kh5 48. Rb8 g5 49. Kg1 Kg4 50. Rh8 Kg3 51. Rf8 g4 52. Kh1 f2 53. a4 f1=Q+ 54. Rxf1 Bxf1 55. Kg1 h3 56. a5 h2+ 57. Kxf1 h1=Q+ 58. Ke2 Qd5 59. Ke3 Qe5+ 60. Kd3 Kf3 61. Kc2 g3 62. Kb3 g2 63. Kc4 g1=Q 64. Kb3 Qge3+ 65. Ka2 Qxa5+ 66. Kb1 Qee1+ 67. Kc2 Qec3+ 68. Kd1 Qaa1# 0-1


[Site "https://www.chess.com"]

[Event "Titled Tuesday Blitz November 15 Late 2022"]
[White "Clawitter, Craig"]
[Black "Alexikov, Alexander"]
[WhiteFideId "2023105"]
[BlackFideId "14103958"]
[WhiteElo "2240"]
[BlackElo "2222"]
[Result "0-1"]
[Round "09"]
[TimeControl "180+1"]
[Date "2022.11.16"]
[WhiteClock "0:00:02"]
[BlackClock "0:01:12"]

1. e4 c5 2. Nf3 d6 3. d4 cxd4 4. Nxd4 Nf6 5. Nc3 a6 6. Be3 Ng4 7. Bg5 h6 8. Bh4 Nc6 9. h3 Nge5 10. f4 g5 11. fxe5 gxh4 12. e6 Bg7 13. exf7+ Kf8 14. Nf5 Bxf5 15. exf5 Bxc3+ 16. bxc3 Qa5 17. Bd3 Qxc3+ 18. Kf2 Qd4+ 19. Ke2 Ne5 20. Rf1 Rc8 21. f6 e6 22. Qd2 Rc5 23. Qf4 Qxf4 24. Rxf4 Kxf7 25. Rb1 b5 26. a4 Nxd3 27. Kxd3 e5 28. Rxh4 Kxf6 29. axb5 axb5 30. Rhb4 Rhc8 0-1


[Site "https://www.chess.com"]

[Event "Titled Tuesday Blitz November 15 Late 2022"]
[White "Curtis, John"]
[Black "Gonzalez, Francisco Silva"]
[WhiteFideId "3200256"]
[BlackFideId "1512285"]
[WhiteElo "2203"]
[BlackElo "2159"]
[Result "0-1"]
[Round "09"]
[TimeControl "180+1"]
[Date "2022.11.16"]
[WhiteClock "0:02:15"]
[BlackClock "0:02:39"]

1. e4 e5 2. Nf3 Nc6 3. Bb5 a6 4. Bxc6 dxc6 5. O-O Bd6 6. d4 exd4 7. Qxd4 f6 8. Re1 Ne7 9. e5 fxe5 10. Nxe5 O-O 11. Nc3 Be6 12. Bg5 Qe8 13. Bxe7 Qxe7 14. f4 Bc5 15. Rad1 Rad8 0-1


[Site "https://www.chess.com"]

[Event "Titled Tuesday Blitz November 15 Late 2022"]
[White "Do Nascimento,Christian Almeida"]
[Black "Ali Abdullahi, Farah"]
[WhiteFideId "2143801"]
[BlackFideId "16100212"]
[WhiteElo "2079"]
[BlackElo "2341"]
[Result "1-0"]
[Round "09"]
[TimeControl "180+1"]
[Date "2022.11.16"]
[WhiteClock "0:00:37"]
[BlackClock "0:02:00"]

1. d4 d5 2. Bf4 Bf5 3. e3 e6 4. c4 c6 5. Qb3 b6 6. Nc3 Bd6 7. Bg3 Nf6 8. Nf3 h6 9. Be2 O-O 10. O-O Bxg3 11. hxg3 Nbd7 12. Rac1 Re8 13. cxd5 cxd5 14. Bb5 a6 15. Bc6 Rb8 16. Ne5 Rf8 17. Bxd7 Nxd7 18. Nc6 Qg5 19. Nxb8 Rxb8 20. Qa4 Nf6 21. Rfe1 Ng4 22. f3 Nxe3 23. Kf2 Nc4 24. f4 Qf6 25. Ne2 Nxb2 26. Qxa6 Nd3+ 27. Ke3 Nxe1 28. Rxe1 Qd8 29. Rc1 Ra8 30. Qb7 Rxa2 31. Rc8 Qxc8 32. Qxc8+ Kh7 33. Qf8 Ra3+ 34. Qxa3 1-0


[Site "https://www.chess.com"]

[Event "Titled Tuesday Blitz November 15 Late 2022"]
[White "Dzierzak, Radoslaw"]
[Black "Mickiewicz, Piotr"]
[WhiteFideId "1161407"]
[BlackFideId "1114891"]
[WhiteElo "2111"]
[BlackElo "2246"]
[Result "1-0"]
[Round "09"]
[TimeControl "180+1"]
[Date "2022.11.16"]
[WhiteClock "0:00:07"]
[BlackClock "0:00:01"]

1. e4 c5 2. Nf3 Nc6 3. d4 cxd4 4. Nxd4 e5 5. Ne2 Nf6 6. Nbc3 Bc5 7. Ng3 d6 8. Be2 a6 9. O-O Be6 10. Bg5 b5 11. Nh5 Kf8 12. Nd5 Bxd5 13. exd5 Nb8 14. Nxf6 gxf6 15. Bh6+ Ke7 16. Bg4 Rg8 17. Kh1 Nd7 18. Be3 Qb6 19. Qf3 Nf8 20. b4 Bd4 21. c3 Bxe3 22. fxe3 Rg6 23. Rae1 Ra7 24. Qf5 Rc7 25. Bh5 Rh6 26. g4 Qb7 27. e4 Qc8 28. g5 Qxf5 29. Rxf5 Rxh5 30. gxf6+ Kd8 31. Rxh5 Rxc3 32. Rg1 Ng6 33. Rxh7 Ke8 34. h4 Rh3+ 35. Kg2 Nf4+ 36. Kf2 Rh2+ 37. Ke1 Rxa2 38. Rg8+ Kd7 39. Rxf7# 1-0


[Site "https://www.chess.com"]

[Event "Titled Tuesday Blitz November 15 Late 2022"]
[White "Eljanov, Pavel"]
[Black "Bluebaum, Matthias"]
[WhiteFideId "14102951"]
[BlackFideId "24651516"]
[WhiteElo "2601"]
[BlackElo "2633"]
[Result "0-1"]
[Round "09"]
[TimeControl "180+1"]
[Date "2022.11.15"]
[WhiteClock "0:00:08"]
[BlackClock "0:00:05"]

1. c4 e6 2. g3 d5 3. Bg2 Nf6 4. Nf3 dxc4 5. Qa4+ Bd7 6. Qxc4 c5 7. Ne5 Qc8 8. Qd3 Bc6 9. Nxc6 Nxc6 10. Nc3 Be7 11. Qb5 O-O 12. Bxc6 bxc6 13. Qc4 Rd8 14. d3 Rb8 15. a3 e5 16. Kd1 Rd4 17. Qa2 Ng4 18. Be3 Rd8 19. Kc2 Qf5 20. Qc4 Bg5 21. Bxg5 Qxg5 22. Ne4 Qh6 23. Raf1 Rd4 24. Qxc5 Qe6 25. Nd2 Rd5 26. Qc3 f5 27. Kb1 e4 28. dxe4 fxe4 29. h3 Ne5 30. Rc1 Rdb5 31. Rc2 h6 32. Rhc1 Kh8 33. Nxe4 Qxh3 34. Nc5 Qf5 35. Ka1 a5 36. f4 Ng4 37. e4 Qf8 38. e5 Qf5 39. e6 Re8 40. Re2 Nf6 41. Re5 Qg4 42. Qc4 Rbb8 43. e7 Nd5 44. Rce1 Qxg3 45. Nd7 Rb7 46. Rxd5 Qxe1+ 47. Ka2 cxd5 48. Qxd5 Rxd7 0-1


[Site "https://www.chess.com"]

[Event "Titled Tuesday Blitz November 15 Late 2022"]
[White "Fernandez De La Vara, Arnaldo"]
[Black "Megalios, Konstantinos"]
[WhiteFideId "3518388"]
[BlackFideId "4238044"]
[WhiteElo "2387"]
[BlackElo "2277"]
[Result "1-0"]
[Round "09"]
[TimeControl "180+1"]
[Date "2022.11.15"]
[WhiteClock "0:00:03"]
[BlackClock "0:00:01"]

1. Nf3 Nf6 2. g3 d5 3. b3 Bg4 4. Bb2 Bxf3 5. exf3 g6 6. Bg2 Bg7 7. O-O O-O 8. f4 e6 9. d4 c6 10. Nd2 Ne8 11. Nf3 Nd6 12. Ne5 a5 13. a4 Nd7 14. Qe2 Re8 15. Rfd1 Rc8 16. Rac1 Nf5 17. h4 h5 18. c4 Bf8 19. c5 Ra8 20. Rd3 Nxe5 21. fxe5 b6 22. Ba3 bxc5 23. Bxc5 Bxc5 24. Rxc5 Qb6 25. Qc2 Rec8 26. Bh3 Ne7 27. Rdc3 Qb4 28. Qd3 Rab8 29. Kg2 Rb6 30. g4 hxg4 31. Bxg4 Kg7 32. h5 Rh8 33. hxg6 Nxg6 34. Qe3 Rh4 35. f3 Qa3 36. Rxc6 Rxc6 37. Rxc6 Qb2+ 38. Kg1 Qh2+ 39. Kf1 Qg3 40. Qg1 Qf4 41. Rc2 Kh6 42. Ke1 Qg5 43. Kd1 Nf4 44. Rh2 Rxh2 45. Qxh2+ Kg7 46. Qd2 Qh6 47. Kc2 Qh7+ 48. Kc3 Qh6 49. b4 axb4+ 50. Kxb4 Qg5 51. a5 Qe7+ 52. Kb3 Qb7+ 53. Qb4 Qa6 54. Qb6 Qd3+ 55. Ka4 Ne2 56. Qb4 Nc3+ 57. Kb3 Nb5+ 58. Kb2 Nxd4 59. Qc3 Qb5+ 60. Ka2 Qa4+ 61. Qa3 1-0


[Site "https://www.chess.com"]

[Event "Titled Tuesday Blitz November 15 Late 2022"]
[White "Fernandez Hernandez, Gerardo"]
[Black "Gerbelli Neto, Eduardo"]
[WhiteFideId "2207400"]
[BlackFideId "2103281"]
[WhiteElo "2246"]
[BlackElo "2178"]
[Result "1-0"]
[Round "09"]
[TimeControl "180+1"]
[Date "2022.11.16"]
[WhiteClock "0:00:11"]
[BlackClock "0:01:05"]

1. e4 e5 2. Nf3 Nc6 3. Bc4 Nf6 4. Ng5 d5 5. exd5 Nd4 6. c3 b5 7. Bf1 Nxd5 8. cxd4 Qxg5 9. Bxb5+ Kd8 10. Qf3 Bb7 11. O-O Rb8 12. d3 Nf4 13. Bxf4 exf4 14. Bc6 Bxc6 15. Qxc6 Rb6 16. Qa8+ Kd7 17. Nc3 Rg6 18. Qd5+ Bd6 19. Qxg5 Rxg5 20. Rfe1 Rb8 21. b3 Bb4 22. Rac1 Rb6 23. Re5 f6 24. Rd5+ Rd6 25. Rxd6+ Bxd6 26. Ne4 Rd5 27. Nxd6 Kxd6 28. Rc4 Ra5 29. a4 Ra6 30. Kf1 Rb6 31. b4 g5 32. Ke2 c6 33. Kf3 h5 34. Ke4 Ke6 35. a5 f5+ 36. Kf3 Ra6 37. Rc5 Kf6 38. h4 Kg6 39. hxg5 Kxg5 40. g3 fxg3 41. fxg3 Kg6 42. Kf4 h4 43. gxh4 Kh5 44. Kxf5 Kxh4 45. Ke5 Kg4 46. Kd6 Kf4 47. Kc7 Ke3 48. Kb7 1-0


[Site "https://www.chess.com"]

[Event "Titled Tuesday Blitz November 15 Late 2022"]
[White "Figorito, Nick"]
[Black "Pino Perez, Lazaro"]
[WhiteFideId "30923689"]
[BlackFideId "3517055"]
[WhiteElo "2339"]
[BlackElo "2170"]
[Result "1-0"]
[Round "09"]
[TimeControl "180+1"]
[Date "2022.11.16"]
[WhiteClock "0:00:12"]
[BlackClock "0:00:03"]

1. Nf3 d5 2. g3 Nd7 3. d4 Nb6 4. Bg2 Bf5 5. O-O e6 6. Ne5 Nf6 7. c4 c6 8. c5 Nbd7 9. Qb3 Nxe5 10. dxe5 Nd7 11. Qxb7 Qc8 12. Qxc8+ Rxc8 13. b4 Nxe5 14. Nd2 Be7 15. Bb2 Bf6 16. Kh1 Ke7 17. Nb3 Nc4 18. Bxf6+ gxf6 19. Nd4 Bg6 20. Rfe1 Rhd8 21. Nb3 Na3 22. Rac1 Nc2 23. Rxc2 Bxc2 24. Na5 Kd7 25. e4 Bxe4 26. Bxe4 dxe4 27. Rxe4 Kc7 28. Rh4 Rh8 29. Rh6 f5 30. Rf6 Rcf8 31. Nc4 Rhg8 32. Ne5 Rg7 33. h4 Rd8 34. h5 h6 35. Rxh6 Rd5 36. Nf3 f4 37. Kg2 Rf5 38. Rh8 fxg3 39. fxg3 Rf4 40. h6 Rg6 41. h7 Rfg4 42. Rc8+ Kxc8 43. h8=Q+ Kc7 44. Qe5+ Kb7 45. Nh4 Rxh4 46. Qd6 Rhg4 47. Qe7+ Ka6 48. Qc7 Rxg3+ 49. Kf2 Rg2+ 50. Ke3 1-0


[Site "https://www.chess.com"]

[Event "Titled Tuesday Blitz November 15 Late 2022"]
[White "Firouzja, Alireza"]
[Black "Tsydypov, Zhamsaran"]
[WhiteFideId "12573981"]
[BlackFideId "4108566"]
[WhiteElo "2903"]
[BlackElo "2591"]
[Result "1-0"]
[Round "09"]
[TimeControl "180+1"]
[Date "2022.11.15"]
[WhiteClock "0:00:39"]
[BlackClock "0:00:59"]

1. d4 Nf6 2. Bg5 Ne4 3. Bf4 c5 4. e3 Qb6 5. Nc3 Nxc3 6. bxc3 d6 7. Bd3 g6 8. Nf3 Bg7 9. O-O O-O 10. a4 Nc6 11. d5 Na5 12. c4 Bxa1 13. Qxa1 f6 14. Bh6 Rf7 15. e4 Bd7 16. h4 Qb4 17. Bd2 Qb6 18. h5 Qd8 19. hxg6 hxg6 20. e5 fxe5 21. Ng5 Rf6 22. f4 Qc7 23. Ne4 Rf5 24. g4 Rff8 25. Ng5 Rf6 26. Qe1 Kg7 27. Bxa5 b6 28. Bc3 Raf8 29. fxe5 Rxf1+ 30. Bxf1 1-0


[Site "https://www.chess.com"]

[Event "Titled Tuesday Blitz November 15 Late 2022"]
[White "Forgacs, Attila Jr."]
[Black "Kopylov, Alexander A."]
[WhiteFideId "773654"]
[BlackFideId "4164857"]
[WhiteElo "2168"]
[BlackElo "2436"]
[Result "0-1"]
[Round "09"]
[TimeControl "180+1"]
[Date "2022.11.16"]
[WhiteClock "0:00:01"]
[BlackClock "0:00:39"]

1. e4 c6 2. d4 d5 3. Nc3 dxe4 4. Nxe4 Nf6 5. Nxf6+ exf6 6. c3 Bd6 7. Bd3 O-O 8. Qc2 Re8+ 9. Ne2 h6 10. Be3 Nd7 11. O-O-O b5 12. h4 Nb6 13. Rhg1 Be6 14. Kb1 a5 15. g4 Bh2 16. Rg2 Bxa2+ 17. Kc1 Bc7 18. g5 fxg5 19. hxg5 h5 20. g6 f6 21. Nf4 Bxf4 22. Bxf4 Qd5 23. Rh2 Bb3 24. Qd2 Bxd1 25. Qxd1 Nc4 26. Rxh5 Re1 27. Qxe1 Qxh5 28. Bxc4+ bxc4 29. Qe6+ Kh8 30. Qxc6 Rg8 31. Qe4 Rd8 32. Kc2 Qd5 33. Qe7 Qf5+ 34. Kd1 Rg8 35. Qe3 Qxg6 36. d5 Qb1+ 37. Ke2 Qxb2+ 38. Kf3 Qb1 39. d6 a4 40. d7 a3 41. Kg2 Qg6+ 42. Bg3 a2 43. Qe8 Rxe8 0-1


[Site "https://www.chess.com"]

[Event "Titled Tuesday Blitz November 15 Late 2022"]
[White "Gardezi, Arsal"]
[Black "Kujawski, Adam"]
[WhiteFideId "30949521"]
[BlackFideId "1100920"]
[WhiteElo "1906"]
[BlackElo "2053"]
[Result "0-1"]
[Round "09"]
[TimeControl "180+1"]
[Date "2022.11.16"]
[WhiteClock "0:01:39"]
[BlackClock "0:01:15"]

1. Nf3 d5 2. g3 Nc6 3. Bg2 e5 4. d3 h6 5. Nbd2 Nf6 6. O-O Be7 7. e4 dxe4 8. dxe4 Be6 9. c3 Qd3 10. Re1 O-O-O 11. Bf1 Qd7 12. b4 Bg4 13. b5 Na5 14. Qa4 b6 15. Nxe5 Qe6 16. Nc6 Bc5 17. Nxa5 bxa5 18. Qxa5 Qb6 19. Qa4 Bxf2+ 20. Kg2 Bxe1 21. Qa6+ Qxa6 22. bxa6 Bxd2 23. Bxd2 Rxd2+ 24. Kg1 Rd1 0-1


[Site "https://www.chess.com"]

[Event "Titled Tuesday Blitz November 15 Late 2022"]
[White "Gasparyan, David"]
[Black "Poliakova, Varvara"]
[WhiteFideId "13311980"]
[BlackFideId "13518313"]
[WhiteElo "2331"]
[BlackElo "2099"]
[Result "0-1"]
[Round "09"]
[TimeControl "180+1"]
[Date "2022.11.16"]
[WhiteClock "0:00:18"]
[BlackClock "0:00:34"]

1. Nf3 f5 2. d4 Nf6 3. g3 d6 4. Bg2 g6 5. O-O Bg7 6. c4 O-O 7. Nc3 Nc6 8. d5 Ne5 9. Nxe5 dxe5 10. e4 e6 11. exf5 exf5 12. Qb3 e4 13. Be3 b6 14. Rad1 a5 15. c5 bxc5 16. Bxc5 Rf7 17. d6 cxd6 18. Bxd6 Qe8 19. Nb5 a4 20. Qb4 Rb7 21. Nc7 Rxb4 22. Nxe8 Rxb2 23. Nxg7 Kxg7 24. Be5 Rb6 25. Rd8 Kf7 26. Rc1 Bb7 27. Rxa8 Bxa8 28. Bd4 Rc6 29. Rb1 Ke6 30. Bf1 Rd6 31. Bc5 Rc6 32. Bd4 Nd7 33. Bb5 Rd6 34. Be3 Bc6 35. Bc4+ Bd5 36. Bb5 a3 37. Bf4 Ne5 38. Rb4 Nf3+ 39. Kg2 Rd8 40. Bc4 Bxc4 41. Rxc4 g5 42. Be3 Rb8 43. Rc3 Rb2 44. Rxa3 Rb1 45. g4 Rg1+ 46. Kh3 fxg4# 0-1


[Site "https://www.chess.com"]

[Event "Titled Tuesday Blitz November 15 Late 2022"]
[White "Gubajdullin, Alexei"]
[Black "Makridis, Dimitrios"]
[WhiteFideId "4141202"]
[BlackFideId "25864475"]
[WhiteElo "2230"]
[BlackElo "2272"]
[Result "1-0"]
[Round "09"]
[TimeControl "180+1"]
[Date "2022.11.15"]
[WhiteClock "0:00:22"]
[BlackClock "0:00:01"]

1. Nf3 g6 2. d4 Bg7 3. Nbd2 d5 4. e3 c5 5. dxc5 Nc6 6. a3 e5 7. c4 Nge7 8. cxd5 Qxd5 9. Nc4 Qxc5 10. Nd6+ Kf8 11. Ng5 Nd4 12. Nge4 Qc6 13. exd4 exd4 14. Bc4 Nf5 15. Bf4 Nxd6 16. Nxd6 Qxg2 17. Rf1 Bh3 18. Qb3 b6 19. Nxf7 Qg4 20. Bd6+ Ke8 21. Bb5+ Qd7 22. Qxh3 1-0


[Site "https://www.chess.com"]

[Event "Titled Tuesday Blitz November 15 Late 2022"]
[White "Har-Zvi, Ronen"]
[Black "Mendonca, Mateus Nakajo"]
[WhiteFideId "2801485"]
[BlackFideId "2110954"]
[WhiteElo "2523"]
[BlackElo "2310"]
[Result "1-0"]
[Round "09"]
[TimeControl "180+1"]
[Date "2022.11.15"]
[WhiteClock "0:00:35"]
[BlackClock "0:00:07"]

1. Nf3 d5 2. c4 e6 3. d4 c6 4. Bg5 Qa5+ 5. Nbd2 dxc4 6. a4 Nd7 7. e3 Ngf6 8. Bxf6 Nxf6 9. Bxc4 Ne4 10. O-O Nxd2 11. Nxd2 Bb4 12. Ne4 O-O 13. Qb3 Bd7 14. Rac1 Qb6 15. Rfd1 a5 16. Nc5 Rfd8 17. Nxd7 Rxd7 18. Qc2 Rad8 19. Qe4 c5 20. d5 exd5 21. Rxd5 Rxd5 22. Bxd5 Qf6 23. Rd1 g6 24. b3 b6 25. g3 Kg7 26. Kg2 Rd7 27. Rd3 Re7 28. Qf3 Rd7 29. Qd1 Qe5 30. Bc4 Rxd3 31. Qxd3 Qf6 32. Qd7 Bc3 33. f4 Kf8 34. Kf3 Qe7 35. Qd5 Kg7 36. g4 Bb2 37. g5 Bc3 38. h4 h5 39. e4 Bd4 40. Qc6 Qd8 41. Qb7 Qe8 42. e5 Bc3 43. e6 Kf8 44. exf7 Qd8 45. Bd5 Bd4 46. Ke4 Qe7+ 47. Qxe7+ Kxe7 48. f5 Kf8 49. fxg6 Bf2 50. Kf5 Bxh4 51. Kf6 1-0


[Site "https://www.chess.com"]

[Event "Titled Tuesday Blitz November 15 Late 2022"]
[White "He, Samuel"]
[Black "Kaplan, Avi Harrison"]
[WhiteFideId "2087235"]
[BlackFideId "30934559"]
[WhiteElo "2605"]
[BlackElo "1983"]
[Result "1-0"]
[Round "09"]
[TimeControl "180+1"]
[Date "2022.11.16"]
[WhiteClock "0:00:26"]
[BlackClock "0:00:01"]

1. d4 Nf6 2. Nf3 c5 3. d5 b5 4. c3 g6 5. e4 Nxe4 6. Bxb5 Bg7 7. O-O O-O 8. Re1 Nf6 9. c4 d6 10. Nc3 Nbd7 11. Qe2 Re8 12. Bf4 a6 13. Ba4 e6 14. Bxd6 exd5 15. Qd3 dxc4 16. Qxc4 Nb6 17. Qxc5 Nxa4 18. Nxa4 Ne4 19. Qd5 Qxd6 20. Qxa8 Bd7 21. Qb7 Bxa4 22. Rxe4 Rxe4 23. Qxe4 Bc6 24. Qe2 h6 25. Rd1 Qf6 26. b3 a5 27. Qe3 a4 28. h3 axb3 29. axb3 Kh7 30. Nd4 Bb7 31. f4 Qb6 32. Kh2 Qc7 33. Nf3 Bf8 34. Ne5 Bg7 35. Rd7 Qc6 36. Nxc6 Bxc6 37. Rxf7 Bd5 38. Rxg7+ Kxg7 39. Qe5+ Kh7 40. Qxd5 h5 41. f5 h4 42. f6 Kh6 43. f7 g5 44. f8=Q+ Kh7 45. Qdf7# 1-0


[Site "https://www.chess.com"]

[Event "Titled Tuesday Blitz November 15 Late 2022"]
[White "Hoffmann, Asa"]
[Black "Palencia Morales, Wilson Guillermo"]
[WhiteFideId "2001470"]
[BlackFideId "4401859"]
[WhiteElo "2117"]
[BlackElo "2160"]
[Result "0-1"]
[Round "09"]
[TimeControl "180+1"]
[Date "2022.11.16"]
[WhiteClock "0:00:01"]
[BlackClock "0:00:13"]

1. d4 Nf6 2. Bg5 Ne4 3. Bf4 c5 4. f3 Nf6 5. dxc5 Qa5+ 6. Nc3 Qxc5 7. e4 d6 8. Qd2 Nc6 9. Be3 Qa5 10. Nb5 Qd8 11. c4 g6 12. Bd3 Bg7 13. Ne2 O-O 14. Bh6 Be6 15. Bxg7 Kxg7 16. Rc1 Rc8 17. b3 Nd7 18. Nbd4 Nxd4 19. Nxd4 Qb6 20. Nxe6+ fxe6 21. Qf2 Qxf2+ 22. Kxf2 a5 23. Ke3 e5 24. g3 g5 25. h4 h6 26. hxg5 hxg5 27. Rh5 Kg6 28. Rch1 Nf6 29. Rh6+ Kg7 30. Be2 Rh8 31. Rxh8 Rxh8 32. Rxh8 Kxh8 33. f4 Kg7 34. fxg5 Nh7 35. a3 Nxg5 36. Bg4 b6 37. b4 axb4 38. axb4 Kf6 39. Kd3 e6 40. Ke3 Nf7 41. Kd3 Ke7 42. Kc3 Ng5 43. Kd3 Kd7 44. Ke3 Kc6 45. Kd3 b5 46. Bh5 bxc4+ 47. Kxc4 Nxe4 48. Be8+ Kb6 49. Bf7 d5+ 50. Kb3 Nxg3 51. Bxe6 d4 52. Kc4 Kc6 53. Bd5+ Kd6 54. b5 Nf5 55. Be4 Ne3+ 56. Kd3 Nd5 57. Kc4 Nc3 58. Bd3 Na4 59. Be4 Nb6+ 60. Kd3 Kc5 61. Bc6 Nc4 62. Ke4 Kd6 63. Kd3 Nb2+ 64. Ke4 d3 65. Ke3 Kc5 66. Be4 Kxb5 67. Bxd3+ Kc5 68. Bc2 Kd6 69. Ke4 Nc4 70. Bd3 Nb6 71. Bc2 Nd5 72. Bb3 Nf6+ 73. Ke3 Nd7 74. Kd3 Nc5+ 75. Kc4 Nxb3 76. Kxb3 Kd5 77. Kc3 Ke4 78. Kd2 Kf3 79. Kd1 Kf2 80. Kd2 e4 0-1


[Site "https://www.chess.com"]